 Dungeon Crawl Stone Soup version 0.20.0-6-gd3061e9 (webtiles) character file.

129 Lochraine the Skirmisher (level 4, -4/36 HPs)
             Began as a Mummy Fighter on May 28, 2017.
             Killed from afar by Natasha (7 damage)
             ... with a magic dart
             ... on level 2 of the Dungeon.
             The game lasted 00:03:55 (1610 turns).

Lochraine the Skirmisher (Mummy Fighter)            Turns: 1610, Time: 00:03:55

Health: -4/36      AC:  6    Str: 20    XL:     4   Next: 88%
Magic:  4/4        EV:  7    Int:  7    God:
Gold:   83         SH:  9    Dex: 11    Spells: 3/3 levels left

rFire    x . .     SeeInvis .   a - +0 trident
rCold    + . .     Gourm    .   c - +0 shield
rNeg     + + +     Faith    .   b - +0 scale mail
rPois    ∞         Spirit   .   (no helmet)
rElec    .         Reflect  .   (no cloak)
rCorr    .         Harm     .   (no gloves)
MR       .....                  (no boots)
Stlth    ..........             (no amulet)
Regen    0.2/turn               (no ring)
MPRegen  0.1/turn               (no ring)

@: no status effects
A: no food or potions, fire vulnerability, cold resistance 1, negative energy
resistance 3, torment resistance, unbreathing
a: no special abilities


You were on level 2 of the Dungeon.
You were not hungry.

You visited 1 branch of the dungeon, and saw 2 of its levels.

You collected 83 gold pieces.

Inventory:

Hand Weapons
 a - a +0 trident (weapon)
Missiles
 f - 3 tomahawks (quivered)
Armour
 b - a +0 scale mail (worn)
 c - a +0 shield (worn)
Jewellery
 k - an uncursed amulet of faith {!P}
   (You found it on level 2 of the Dungeon)
Scrolls
 d - a scroll of teleportation {unknown}
 e - a scroll of magic mapping {unknown}
 g - 5 scrolls of identify {@r1}
 h - 2 scrolls of remove curse {@r2}
 i - a scroll of noise {unknown}


   Skills:
 + Level 3.6 Fighting
 * Level 3.0 Polearms
 + Level 3.0 Armour
 + Level 2.8 Shields


You had 3 spell levels left.
You didn't know any spells.

Dungeon Overview and Level Annotations

Branches:
Dungeon (2/15)

Altars:
Fedhas

Annotations:
D:2 Natasha


Innate Abilities, Weirdness & Mutations

You do not eat or drink.
Your flesh is vulnerable to fire.
You are immune to poison.
Your flesh is cold resistant. (rC+)
You are immune to negative energy. (rN+++)
You are immune to unholy pain and torment.
You can survive without breathing.


Message History

There is an open door here.
Unknown command.
Natasha is nearby!
You see here a bat skeleton.
You start waiting.
Natasha stares at you and mumbles some strange words.
The magic dart hits you!
Attack whom?
Aim: Natasha You reach to attack!
You closely miss Natasha. You hit Natasha but do no damage. Natasha claws you.
You block Natasha's attack.
You closely miss Natasha. You block Natasha's attack.
You miss Natasha. Natasha closely misses you.
You closely miss Natasha. You block Natasha's attack.
You closely miss Natasha. Natasha claws you.
* * * LOW HITPOINT WARNING * * *
Natasha claws you.
* * * LOW HITPOINT WARNING * * *
You are too injured to fight recklessly!
You are too injured to fight recklessly!
Aim: Natasha Really fire
j - a throwing net {!f}?
You throw a throwing net {!f}.
The throwing net {!f} barely misses Natasha.
Natasha claws you but does no damage.
You hit Natasha. Natasha claws you!
* * * LOW HITPOINT WARNING * * *
Okay, then.
You closely miss Natasha. Natasha claws you but does no damage.
Okay, then.
Unknown command.
You closely miss Natasha.
Natasha stares at you and mumbles some strange words.
You resist with some effort.
Unknown command.
You miss Natasha. Natasha claws you.
* * * LOW HITPOINT WARNING * * *
Natasha mumbles some strange words.
Your shield and scale mail prevent you from hitting Natasha.
Natasha barely misses you. You block the crimson imp's attack.
You hit Natasha. You block Natasha's attack.
The crimson imp hits you but does no damage.
You closely miss Natasha.
Natasha mumbles some strange words.
You block the crimson imp's attack.
You hit Natasha.
Natasha stares at you and mumbles some strange words.
The magic dart hits you!
You die...

##..#### #.......## #
#..######...)....# #
#..#......†<...#.## #
#..#.#####.....#%.# #
#..#..........###.# #
#......##########.########
#$.....'.(.)..............
#......##h########.#######
#...... #@.5.....#..# #
#...h.. #5.......##.## #
#...... #........##..# #
#.....h #........###.# #
#......##........# #.## #
########.........# #..# #
#.....†...# ##.# #
#...###'### #.# #
#######.# #.## #


You could see Natasha, a crimson imp and a shadow imp.

Vanquished Creatures
  Natasha (D:2)
  4 adders (D:2)
  An ooze (D:1)
  3 worms
  2 dart slugs
  A leopard gecko (D:1)
  4 giant cockroaches (D:1)
  6 goblins
  6 hobgoblins
  3 jackals (D:1)
  A quokka (D:2)
  6 bats
  6 frilled lizards
  6 kobolds
  3 rats
53 creatures vanquished.

Notes
Turn   | Place    | Note
-------+----------+-------------------------------------------
     0 | D:1      | Lochraine the Mummy Fighter began the quest for the Orb.
     0 | D:1      | Reached XP level 1. HP: 18/18 MP: 1/1
   101 | D:1      | Reached XP level 2. HP: 20/24 MP: 2/2
   371 | D:1      | Reached XP level 3. HP: 25/29 MP: 3/3
   726 | D:2      | Noticed Natasha
  1001 | D:2      | Found a blossoming altar of Fedhas.
  1023 | D:2      | Reached XP level 4. HP: 30/35 MP: 4/4
  1460 | D:2      | Killed Natasha
  1589 | D:2      | Noticed Natasha
  1610 | D:2      | Killed from afar by Natasha

Skill      XL: |  1  2  3  4 |
---------------+-------------+-----
Polearms       | 2 3 |  3.0
Armour         | 3 |  3.0
Fighting       | |  3.6
Shields        | |  2.8

Action                   |  1- 3 |  4- 6 || total
-------------------------+-------+-------++-------
Melee: Trident           |   158 |    76 ||   234
Throw: Tomahawk          |     2 |       ||     2
       Throwing net      |       |     2 ||     2
  Use: Scroll            |       |     2 ||     2
Armor: Scale mail        |    60 |    21 ||    81
Dodge: Dodged            |    38 |    19 ||    57
Block: Shield            |    66 |    35 ||   101
